 Dungeon Crawl Stone Soup version 0.30-a0-371-gad7725a93e (webtiles) character file.

Game seed: 7705637859732252458

398 porpoise the Slasher (level 6, -1/50 HPs)
             Began as a Demonspawn Monk on Nov 23, 2022.
             Killed by divine providence
             ... invoked by an orc priest
              (13 damage)
             ... on level 4 of the Dungeon.
             The game lasted 00:11:05 (2594 turns).

porpoise the Slasher (Demonspawn Monk)              Turns: 2594, Time: 00:11:06

Health: -1/50      AC: 14    Str: 11    XL:     6   Next: 53%
Magic:  6/6        EV: 13    Int: 11    God:
Gold:   82         SH:  4    Dex: 18    Spells: 5/5 levels left

rFire   . . .      SeeInvis .    w - +0 lajatang (protect)
rCold   . . .      Faith    .    (shield currently unavailable)
rNeg    . . .      Spirit   .    t - +1 scale mail
rPois   .          Reflect  .    (helmet restricted)
rElec   .          Harm     .    o - scarf {repulsion}
rCorr   .          Rampage  .    (no gloves)
Will    +....                    (no boots)
Stlth   +.........               y - amulet of the acrobat
HPRegen 0.28/turn                C - ring of willpower
MPRegen 0.10/turn                l - +4 ring of evasion

@: under a protective aura, repel missiles
A: antennae 1, demonic guardian 1, condensation shield
a: no special abilities


You were on level 4 of the Dungeon.
You visited 1 branch of the dungeon, and saw 4 of its levels.

You collected 184 gold pieces.
You spent 102 gold pieces at shops.

Inventory:

Hand Weapons
 a - a +0 falchion
 b - a +1 dagger of venom
 w - a +0 lajatang of protection (weapon)
Missiles
 k - 5 poisoned darts
 x - 2 atropa-tipped darts (quivered)
Armour
 o - a scarf of repulsion (worn)
 t - a +1 scale mail (worn)
Magical Staves
 d - a staff of air
Jewellery
 l - a +4 ring of evasion (right hand)
 y - an amulet of the acrobat (around neck)
 C - a ring of willpower (left hand)
Wands
 u - a wand of quicksilver (3)
Scrolls
 e - a scroll of teleportation
 f - a scroll of poison
 m - a scroll of silence
 n - 2 scrolls of vulnerability
 s - a scroll of amnesia
 v - 2 scrolls of blinking
Potions
 c - a potion of ambrosia
 g - 2 potions of heal wounds
 h - a potion of berserk rage {unknown}
 i - a potion of curing
 j - a potion of degeneration
 r - a potion of haste {unknown}
 z - a potion of attraction {unknown}


   Skills:
 + Level 4.9 Fighting
 * Level 5.7 Long Blades
 - Level 2.6 Dodging
 - Level 1.7 Stealth


You had 5 spell levels left.
You didn't know any spells.
Your spell library contained the following spells:

 Spells                   Type           Power      Damage    Failure   Level
 Beastly Appendage        Tmut           0%         N/A       92%         1
 Magic Dart               Conj           0%         1d3       92%         1
 Necrotise                Necr           0%         1d4       92%         1
 Blink                    Tloc           0%         N/A       98%         2
 Call Imp                 Summ           0%         N/A       98%         2
 Wereblood                Tmut           0%         N/A       98%         2
 Dazzling Flash           Conj/Hex       0%         N/A       100%        3
 Mephitic Cloud           Conj/Pois/Air  0%         N/A       100%        3
 Spider Form              Tmut/Pois      0%         N/A       100%        3
 Vampiric Draining        Necr           0%         2d6       100%        3
 Manifold Assault         Tloc           0%         N/A       100%        4
 Agony                    Necr           0%         N/A       100%        5
 Silence                  Hex/Air        0%         N/A       100%        5
 Storm Form               Tmut/Air       0%         N/A       100%        7


Dungeon Overview and Level Annotations

Branches:
Dungeon (4/15)
 Temple: D:4-7

Altars:

Shops:
D:3 =*

Annotations:
D:4 Natasha


Innate Abilities, Weirdness & Mutations

You have a pair of small antennae on your head.
A weak demonic guardian rushes to your aid.
A meltable shield of frost defends you. (SH +4)


Message History

You kill the bullfrog!
You feel your dexterity returning.
There is a stone staircase leading up here.
Found 6 stones and a robe.
Natasha, Servant of Life and Death comes into view.
She is carrying a wand of quicksilver (5).
You see here a +0 robe.
Natasha hisses angrily.
An orc priest comes into view.
It is wielding a +0 short sword of electrocution.
You block Natasha's attack.
You completely miss Natasha. Natasha claws you.
Your +0 lajatang of protection hums with potential!
w - a +0 lajatang of protection (weapon)
You closely miss Natasha. Natasha casts a spell at you.
The magic dart hits you! The orc priest closely misses you.
You closely miss Natasha.
Natasha stares at you and mumbles some strange words.
You resist with almost no effort.
The orc priest hits you but does no damage.
Natasha zaps a wand.
The bolt of dispelling energy hits you!
* * * LOW HITPOINT WARNING * * *
A demonic guardian appears!
The orc priest hits you with a +0 short sword of electrocution.
* * * LOW HITPOINT WARNING * * *
You hit Natasha.
Your weapon exudes an aura of protection.
Natasha is lightly wounded.
You block Natasha's attack. The orc priest barely misses you.
You closely miss Natasha.
Natasha is lightly wounded.
Natasha zaps a wand.
The bolt of dispelling energy misses you.
You block the orc priest's attack. Natasha barely misses you.
The orc priest hits you but does no damage.
You hit Natasha but do no damage.
Natasha is lightly wounded.
Natasha closely misses you.
The orc priest mumbles some strange prayers to Beogh against you.
Beogh smites you!
You die...

...........#
.......###.#
######## #.#
#.# #.#######
#.(.....#
#.[.....#####
#....5o......
#....@h....#
#.######...#
#.# ..# #..
###


You could see an orc priest (ally target), Natasha and a friendly iron imp
(summoned).

Vanquished Creatures
  A bullfrog (D:4)
  Jessica (D:3)
  Natasha (D:4)
  A gnoll (D:1)
  3 adders
  A dart slug (D:1)
  An orc (D:4)
  3 ball pythons
  5 endoplasms
  A giant cockroach (D:2)
  9 goblins
  8 hobgoblins
  3 jackals (D:1)
  2 quokkas
  4 bats
  4 frilled lizards
  2 kobolds (D:2)
  2 rats (D:1)
52 creatures vanquished.

Vanquished Creatures (collateral kills)
  Grinder (D:3)
  2 endoplasms (D:1)
  A ball python (D:1)
4 creatures vanquished.

Grand Total: 56 creatures vanquished

Notes
Turn   | Place    | Note
-------+----------+-------------------------------------------
     0 | D:1      | porpoise the Demonspawn Monk began the quest for the Orb.
     0 | D:1      | Reached XP level 1. HP: 18/18 MP: 1/1
   117 | D:1      | Reached skill level 3 in Long Blades
   117 | D:1      | Gained mutation: A weak demonic guardian rushes to your
                  | aid. [demonic ancestry]
   117 | D:1      | Reached XP level 2. HP: 7/24 MP: 2/2
   622 | D:1      | Reached XP level 3. HP: 23/29 MP: 3/3
   899 | D:1      | You fall into a shaft and drop 1 floor!
  1525 | D:2      | Reached skill level 4 in Long Blades
  1687 | D:3      | Noticed Jessica
  1690 | D:3      | Killed Jessica
  1691 | D:3      | Reached XP level 4. HP: 37/37 MP: 4/4
  1825 | D:3      | Noticed Grinder
  1826 | D:3      | Paralysed by Grinder for 4 turns
  1844 | D:3      | Killed Grinder
  1845 | D:3      | Reached skill level 5 in Long Blades
  1845 | D:3      | Gained mutation: A meltable shield of frost defends you.
                  | (SH +4) [demonic ancestry]
  1845 | D:3      | Reached XP level 5. HP: 15/43 MP: 5/5
  1845 | D:3      | Gained mutation: You have a pair of small antennae on your
                  | head. [demonic ancestry]
  1845 | D:3      | Reached XP level 6. HP: 18/49 MP: 6/6
  1972 | D:3      | Found Kulluvae's Assorted Antiques.
  1986 | D:3      | Bought a golden potion for 18 gold pieces
  1986 | D:3      | Bought a scroll labelled TEIKIO DYHOU for 21 gold pieces
  1986 | D:3      | Bought a scroll labelled BAQI LITTU NOO for 21 gold pieces
  1986 | D:3      | Bought a scroll labelled BITHUA OCVUTZO for 21 gold pieces
  1986 | D:3      | Bought a scroll labelled VOSTRO YHIMAEGE for 21 gold pieces
  2214 | D:3      | Found Kexuo's Jewellery Shop.
  2516 | D:4      | Noticed Natasha
  2528 | D:4      | Killed Natasha
  2584 | D:4      | Noticed Natasha
  2594 | D:4      | Killed from afar by an orc priest

Illustrated notes

Levels and vault maps discovered:
D:1:      saegor_arrival_simple_a, layout_loops_corners, grunt_decor_clamped,
          minmay_box_of_dots
D:2:      layout_rooms, minmay_goblin_outpost
D:3:      layout_basic, mainiacjoe_overflow_small_starburst, serial_shops, shop,
          shop, uniq_grinder, uniq_jessica
D:4:      layout_basic, minmay_temple_entry_statues_fountains,
          serial_co_window_serial, co_window_cross_1,
          co_window_of_opportunity_a, co_window_cross_1,
          co_window_of_opportunity_a, co_window_of_opportunity_a,
          co_window_unsneaky_path_e, co_window_corner_b,
          co_window_of_opportunity_c, co_window_paths_e, co_window_4corner_a,
          glass_columns_b, nicolae_ossuary_entry_monument, uniq_blork_the_orc,
          uniq_sigmund, uniq_eustachio, uniq_natasha

Skill      XL: |  1  2  3  4 |
---------------+-------------+-----
Long Blades    | 3 4 5 |  5.7
Fighting       | 4 |  4.9
Dodging        | |  2.6
Stealth        | |  1.7

Action                   |  1- 3 |  4- 6 || total
-------------------------+-------+-------++-------
Melee: Falchion          |    62 |    40 ||   102
       Lajatang          |    44 |    20 ||    64
       Punch             |       |     1 ||     1
Throw: Dart              |     2 |     2 ||     4
  Use: Potion            |       |     4 ||     4
       Scroll            |       |    12 ||    12
 Stab: Sleeping          |     2 |       ||     2
Armor: Robe              |     7 |       ||     7
       Scale mail        |     6 |    14 ||    20
Dodge: Dodged            |    64 |    24 ||    88
Block: Other             |       |    11 ||    11

Table legend: (Time is in decaauts)
 A = Elapsed time spent in this place.
 B = Non-inter-level travel time spent in this place.
 C = Inter-level travel time spent in this place.
 D = Time resting spent in this place.
 E = Time spent auto-exploring this place.
 F = Levels seen in this place.
 G = Mean time per level.
                   A        B        C        D        E       F      G
               +--------+--------+--------+--------+--------+-----+--------+
         Total |   2622 |   2566 |     56 |    329 |   1593 |   4 |  655.5 |
       Dungeon |   2622 |   2566 |     56 |    329 |   1593 |   4 |  655.5 |
               +--------+--------+--------+--------+--------+-----+--------+

Top non-repeatable levels by time:
     D:1: 1211 daAuts
     D:3: 733 daAuts
     D:2: 500 daAuts
     D:4: 177 daAuts
